 Dungeon Crawl Stone Soup version 0.26-a0-651-gb41185065b (webtiles) character file.

Game seed: 10189724422443256163

338610 Flugslaktarn the Warrior (level 20, -15/252 HPs)
             Began as a Deep Dwarf Fighter on Oct 7, 2020.
             Was the Champion of Makhleb.
             Demolished by an electric golem (19 damage)
             ... on level 5 of the Realm of Zot.
             The game lasted 00:19:16 (20708 turns).

Flugslaktarn the Warrior (Deep Dwarf Fighter)      Turns: 20708, Time: 00:19:17

Health: -15/252    AC: 38    Str: 24    XL:     20   Next: 65%
Magic:  11/11      EV:  5    Int:  3    God:    Makhleb [******]
Gold:   800        SH: 26    Dex: 13    Spells: 19/19 levels left

rFire    + + +     SeeInvis .   a - +5 broad axe (freeze)
rCold    + . .     Faith    .   N - +0 tower shield
rNeg     + . .     Spirit   .   G - +9 plate armour "Qepipaej" {+Blink rPois rF+++ Int-2}
rPois    +         Reflect  +   E - +2 helmet
rElec    .         Harm     .   L - +2 cloak
rCorr    .         Rampage  .   D - +2 pair of gloves
MR       +++..     Rnd*Tele +   (no boots)
Stlth    ..........             v - amulet of reflection
HPRegen  0.00/turn              p - +4 ring of protection
MPRegen  0.12/turn              c - ring of protection from cold

@: berserking (expiring), non-regenerating, constricted, very quick
A: damage resistance, heal wounds, molten scales 1, blurry vision 1, clumsy 2,
deformed body, dopey 2, fire resistance 1, frail 2, low mp 2, negative energy
resistance 1, sense surroundings 3, screaming 1, teleportitis 1, no potion heal
1, subdued magic 2, no regeneration
}: 3/15 runes: decaying, abyssal, gossamer
a: Heal Wounds, Minor Destruction, Lesser Servant of Makhleb, Major Destruction,
Greater Servant of Makhleb, Renounce Religion, Evoke Blink


You were on level 5 of the Realm of Zot.
You worshipped Makhleb.
Makhleb was exalted by your worship.
You visited 8 branches of the dungeon, and saw 42 of its levels.
You visited the Abyss 1 time.

You collected 2095 gold pieces.
You spent 1295 gold pieces at shops.

Inventory:

Hand Weapons
 a - a +5 broad axe of freezing (weapon)
   (You bought it in a shop on level 8 of the Dungeon)
 b - a +1 short sword of distortion
   (You took it off Sonja on level 13 of the Dungeon)
Missiles
 y - 3 throwing nets (quivered)
Armour
 D - a +2 pair of gloves (worn)
   (You found it on level 12 of the Dungeon)
 E - a +2 helmet (worn)
   (You found it on level 3 of the Spider Nest)
 G - the +9 plate armour "Qepipaej" (worn) {+Blink rPois rF+++ Int-2}
   (You bought it in a shop on level 2 of the Orcish Mines)

   It affects your intelligence (-2).
   It renders you almost immune to fire.
   It protects you from poison.
   It lets you blink.
 L - a +2 cloak (worn)
   (You took it off Crazy Yiuf on level 6 of the Dungeon)
 N - a +0 tower shield (worn)
   (You took it off a vault guard on level 14 of the Dungeon)
 Q - +4 storm dragon scales {Bai Suzhen}
   (You found it on level 4 of the Swamp)
Jewellery
 c - a ring of protection from cold (right hand)
   (You found it on level 11 of the Dungeon)
 f - an uncursed ring of protection from fire
   (You found it on level 10 of the Dungeon)
 k - an uncursed ring of resist corrosion
   (You found it on level 3 of the Swamp)
 o - an uncursed ring of poison resistance
   (You found it on level 3 of the Spider Nest)
 p - a +4 ring of protection (left hand)
   (You found it on level 15 of the Dungeon)
 v - an amulet of reflection (around neck)
   (You found it on level 9 of the Dungeon)
 U - the amulet of the Four Winds {rN+ MR+++ Clar}
   (You found it on level 6 of the Lair of Beasts)

   [amulet of nothing]

   It protects you from negative energy.
   It affects your resistance to hostile enchantments.
   It protects you against confusion.
Wands
 m - a wand of iceblast (11)
   (You found it on level 1 of the Spider Nest)
 A - a wand of enslavement (13)
   (You found it on level 15 of the Dungeon)
 B - a wand of digging (4)
   (You found it on level 12 of the Dungeon)
 P - a wand of acid (1)
   (You took it off Erolcha on level 9 of the Dungeon)
Scrolls
 i - 2 scrolls of fear
 r - 3 scrolls of identify
 t - 9 scrolls of teleportation
 u - 5 scrolls of immolation
 x - 9 scrolls of remove curse
 I - 2 scrolls of fog
 K - a scroll of brand weapon
 M - a scroll of holy word
Potions
 d - 3 potions of might
 e - 9 potions of lignification
 h - a potion of haste
 j - a potion of berserk rage
 l - 8 potions of flight
 n - a potion of resistance
 q - 13 potions of curing
 w - a potion of heal wounds
 C - 2 potions of cancellation
 H - 6 potions of magic
 J - 5 potions of ambrosia
 V - a potion of invisibility
Miscellaneous
 F - a condenser vane (2/2)
   (You bought it in a shop on level 6 of the Dungeon)


   Skills:
 * Level 19.9 Fighting
 - Level 18.0 Axes
 + Level 16.8 Armour
 - Level 5.0 Dodging
 + Level 15.8 Shields
 - Level 15.0 Invocations
 - Level 10.0 Evocations


You had 19 spell levels left.
You didn't know any spells.
Your spell library was empty.

Dungeon Overview and Level Annotations

Branches:
Dungeon (15/15)            Temple (1/1) D:7            Lair (6/6) D:9
  Swamp (4/4) Lair:3       Spider (4/4) Lair:2        Slime (0/5) Lair:6
    Orc (2/2) D:12            Elf (0/3) Orc:2        Vaults (0/5) D:14
 Depths (5/5) D:15            Zot (5/5) Depths:5

Altars:
Fedhas
Gozag
Makhleb
Okawaru
Qazlal
Uskayaw
Vehumet
Zin
Beogh

Shops:
D:6 }   D:8 *   Orc:2 **(?   Depths:2 *!

Portals:
Abyss: Depths:2
Pandemonium: Depths:3

Annotations:
D:10 1 transporter, Ozzies's ghost, journeyman GrFi
D:12 2 transporters, Zurun's ghost, journeyman GrFi


Innate Abilities, Weirdness & Mutations

You are resistant to damage.
You can heal yourself by infusing magical energy.
You resist negative energy. (rN+)
You passively map a large area around you.
You do not regenerate.
You are partially covered in molten scales. (AC +2)
Scrolls take you a little longer to read.
You are very clumsy. (Dex -4)
Armour fits poorly on your strangely shaped body.
You are very dopey. (Int -4)
Your flesh is heat resistant. (rF+)
You are very frail. (-20% HP)
Your magical capacity is very low. (-20% MP)
You occasionally shout uncontrollably at your foes.
You are occasionally teleported next to monsters.
Potions are less effective at restoring your health.
Your spells are easier to cast, but less powerful.


Message History

The tentacled monstrosity tentacle-slaps you but does no damage.
The tentacled monstrosity grabs you.
* * * LOW HITPOINT WARNING * * *
The tentacled monstrosity constricts you!
The electric golem hurls lightning at you.
The bolt of lightning hits you!!
* * * LOW HITPOINT WARNING * * *
The bolt of lightning hits the orb of fire.
The orb of fire completely resists.
You closely miss the electric golem.
The electric golem is moderately damaged.
You slice the tentacled monstrosity!! You freeze the tentacled monstrosity.
You completely miss the orb of fire. You closely miss the electric golem.
The electric golem is moderately damaged.
You slice the tentacled monstrosity!! You miss the orb of fire.
You block the electric golem's attack. The electric golem hits you!
* * * LOW HITPOINT WARNING * * *
The electric golem shocks you!!
You die...

** ▓▓▓▓▓▓▓▓ ,**** ▓▓▓▓.......
,,,,*** ▓▓▓........[. ,,,,,,**
▓▓.........).. ,,,,,,,* ▓▓▓▓▓▓▓▓▓
▓.............
,,,,,,,**▓......^▓▓▓.....^.......
,,,,,,,**......*.^▓▓.............
,,,,,,,*,...=..X@..▓^............
,,,,,,,,,....0.†.8^...........$.^
,,,,,,,*,..........▓........^....
,,,,,^,**...^.....▓▓.............
,,,,,,,**▓.......▓▓▓.............
,,,,,,^* ▓▓▓▓▓▓▓▓▓ #...^.....^...
,,,,,,** ##..........†. ,,,,***
##▓.......... ,**** ▓▓▓▓.^.....


You could see an orb of fire, an electric golem and a tentacled monstrosity.

Vanquished Creatures
  4 orbs of fire (Zot:5)
  2 Killer Klowns
  Bai Suzhen (Swamp:4)
  5 caustic shrikes (Depths:5)
  A bone dragon (Swamp:4)
  4 golden dragons
  An electric golem (Zot:5)
  2 tentacled monstrosities
  A lich (Depths:2)
  20 Orb Guardians (Zot:5)
  A quicksilver dragon (Zot:5)
  Agnes (D:15)
  2 death cobs (Zot:5)
  2 tentacled starspawn (Abyss:3)
  A thorn hunter (Abyss:3)
  Kirke (D:13)
  2 sphinxes
  3 shadow dragons (Zot:5)
  2 tengu reavers (Depths:5)
  A storm dragon (Zot:5)
  2 frost giants
  3 ghost moths
  An emperor scorpion (Spider:4)
  3 very ugly things (Depths:5)
  2 stone giants (Depths:5)
  3 entropy weavers
  3 black draconians
  Nessos (D:15)
  A green draconian (Depths:5)
  A vampire knight (Depths:5)
  A starcursed mass (Abyss:3)
  2 spark wasps
  A red draconian (Depths:5)
  7 ettins
  4 yaktaur captains
  2 fire dragons
  A great orb of eyes (Depths:1)
  Snorg (Orc:2)
  8 vault guards (D:14)
  2 ogre magi (Orc:2)
  A spriggan air mage (Depths:5)
  Erolcha (D:9)
  8 hydras
  A shambling mangrove (Swamp:4)
  4 centaur warriors
  A merfolk avatar (Lair:6)
  12 two-headed ogres
  3 ice dragons
  A catoblepas (D:14)
  2 ghost crabs (Swamp:4)
  12 alligators
  A satyr (Abyss:3)
  7 deep troll shamans
  A tengu warrior (D:15)
  2 deep troll earth magi (Depths:5)
  3 death yaks (Lair:6)
  A thrashing horror (Abyss:3)
  2 spriggan berserkers (Depths:5)
  Sonja (D:13)
  Urug (Orc:2)
  9 spriggans
  2 wretched stars (Abyss:3)
  6 hell knights (Depths:5)
  4 iron trolls
  2 unseen horrors
  A deep troll (shapeshifter) (D:15)
  A death drake (Swamp:4)
  A wizard (D:15)
  3 spriggan druids
  25 deep trolls
  A glowing orange brain (Depths:2)
  2 swamp dragons
  3 phantasmal warriors
  2 spectral hydras (Swamp:4)
  2 flayed ghosts (Depths:1)
  2 lindwurms
  22 orb spiders
  32 wolf spiders
  An orc sorcerer (Orc:1)
  2 deep elf magi
  6 cyclopes
  14 ugly things
  3 manticores
  A worldbinder (Abyss:3)
  8 moths of wrath
  An apocalypse crab (Abyss:3)
  9 elephants
  3 black mambas
  A cane toad (shapeshifter) (D:14)
  4 centaur skeletons
  17 cane toads
  2 kobold demonologists (D:13)
  4 swamp worm zombies (Swamp:4)
  12 komodo dragons
  15 demonic crawlers
  9 yaktaurs
  2 rime drakes (Lair:6)
  2 freezing wraiths (D:14)
  3 tengu conjurers
  3 hydra zombies (Swamp:4)
  2 ancient zymes (Abyss:3)
  11 trolls
  2 jumping spiders (shapeshifter)
  16 hornets
  2 polar bears (Lair:6)
  5 tyrant leeches
  33 jumping spiders
  A polar bear (shapeshifter) (Depths:1)
  5 bog bodies
  A wind drake (Lair:6)
  A harpy skeleton (D:15)
  13 slime creatures
  13 hippogriffs
  4 dream sheep (Lair:6)
  2 spectral swamp dragons (Swamp:4)
  3 alligator zombies (Swamp:4)
  28 yaks
  A shadow (Swamp:4)
  36 redbacks
  2 wraiths
  A hog (shapeshifter) (Depths:1)
  16 tarantellas
  4 wyverns
  Grum (D:9)
  A basilisk (shapeshifter) (Depths:5)
  A basilisk (Lair:2)
  3 hogs (D:13)
  A steam dragon (D:13)
  A warg (D:12)
  12 vampire mosquitoes
  12 swamp worms
  9 insubstantial wisps
  2 acid dragons
  Edmund (D:5)
  5 water moccasins
  10 porcupines
  Duvessa (D:6)
  3 swamp drakes
  2 ice beasts
  15 orc warriors
  4 phantoms
  4 sky beasts
  A black bear (D:6)
  A necrophage (D:8)
  29 ogres
  2 swamp dragon zombies (Swamp:4)
  9 wolves
  9 centaurs
  12 crocodiles
  A big kobold (D:10)
  16 bullfrogs
  A wyvern skeleton (D:13)
  5 scorpions
  Dowan (D:6)
  11 killer bees
  11 wights
  7 howler monkeys
  An electric eel (Spider:2)
  2 bullfrog zombies
  Crazy Yiuf (D:6)
  6 centaur zombies
  4 hounds
  2 jellies
  13 orc priests
  A bullfrog skeleton (D:12)
  16 orc wizards
  7 iguanas
  12 worker ants
  A gnoll shaman (D:4)
  3 spectral swamp drakes (Swamp:4)
  2 hound zombies
  A worker ant zombie (D:6)
  A howler monkey zombie (D:6)
  4 gnolls (D:4)
  21 adders
  A swamp drake zombie (Swamp:4)
  2 shadow imps
  A white imp (D:5)
  An ufetubus (D:7)
  2 oozes (D:3)
  2 adder zombies
  3 worms
  2 dart slugs
  3 leopard geckos
  70 orcs
  A bat (D:3)
  3 giant cockroaches
  3 goblins (D:3)
  A hobgoblin (D:3)
  18 jackals
  5 quokkas
  2 ball pythons
  2 frilled lizards
  10 kobolds
  A leopard gecko skeleton (D:4)
  2 quokka skeletons
  3 rats
  A starspawn tentacle (Abyss:3)
1056 creatures vanquished.

Vanquished Creatures (collateral kills)
  Arachne (Spider:4)
  An emperor scorpion (Spider:4)
  A ghost moth (Spider:4)
  A stone giant (Orc:1)
  A spark wasp (Spider:4)
  5 hydras
  A death yak (Lair:6)
  A sea snake (Lair:6)
  An unseen horror (D:11)
  A wolf spider (D:15)
  2 orb spiders (Spider:4)
  2 cane toads (Lair:6)
  3 komodo dragons (Lair:6)
  A jumping spider (Spider:4)
  A hornet (Spider:4)
  A merfolk (D:15)
  A dream sheep (Lair:6)
  A hippogriff (Lair:6)
  2 tarantellas (Spider:4)
  2 yaks (Lair:6)
  2 wyverns (Lair:6)
  A water moccasin (Lair:6)
  2 wolves (Lair:2)
  A bullfrog (D:11)
  A quasit (D:11)
  An orc (Orc:1)
38 creatures vanquished.

Vanquished Creatures (others)
  A ghost moth (Spider:4)
  A spriggan druid (Swamp:4)
  A demonic crawler (Spider:1)
  2 spriggans (Swamp:4)
  3 insubstantial wisps (Swamp:4)
  A swamp worm (Swamp:2)
  A water moccasin (Lair:6)
  34 fungi
  A lurking horror (Abyss:3)
  56 plants
  5 starspawn tentacles (Abyss:3)
106 creatures vanquished.

Grand Total: 1200 creatures vanquished

Notes
Turn   | Place    | Note
-------+----------+-------------------------------------------
     0 | D:1      | Flugslaktarn the Deep Dwarf Fighter began the quest for the
                  | Orb.
     0 | D:1      | Reached XP level 1. HP: 20/20 MP: 1/1
    34 | D:1      | You fall into a shaft and drop 1 floor!
    60 | D:2      | Reached XP level 2. HP: 22/27 MP: 2/2
   134 | D:3      | Noticed a howler monkey
   135 | D:3      | Noticed a howler monkey
   142 | D:3      | Reached skill level 3 in Fighting
   143 | D:3      | Killed a howler monkey
   143 | D:3      | Reached XP level 3. HP: 22/34 MP: 3/3
   147 | D:3      | Reached XP level 4. HP: 23/42 MP: 4/4
   168 | D:3      | Reached XP level 5. HP: 50/50 MP: 5/5
   241 | D:4      | Found the +7 mace of Variability {chain chaos}
   285 | D:4      | Reached skill level 4 in Fighting
   337 | D:4      | Reached XP level 6. HP: 25/57 MP: 6/6
   588 | D:4      | Reached skill level 5 in Axes
   612 | D:4      | Reached XP level 7. HP: 41/66 MP: 7/7
   773 | D:5      | Entered Level 5 of the Dungeon
   796 | D:5      | Reached skill level 5 in Fighting
   864 | D:5      | Noticed Edmund
   872 | D:5      | Killed Edmund
   872 | D:5      | Reached skill level 5 in Armour
   923 | D:5      | Found the +4 robe of Augmentation {Str+4 Int+4 Dex+4}
  1240 | D:6      | Noticed Dowan
  1250 | D:6      | Killed Dowan
  1252 | D:6      | Noticed Duvessa
  1256 | D:6      | Killed Duvessa
  1256 | D:6      | Reached XP level 8. HP: 33/76 MP: 8/8
  1310 | D:6      | Reached skill level 6 in Fighting
  1360 | D:6      | Found Vefodd's Gadget Boutique.
  1622 | D:6      | Found a runed translucent door.
  1623 | D:6      | Noticed Crazy Yiuf
  1918 | D:6      | Killed Crazy Yiuf
  2059 | D:7      | Found a staircase to the Ecumenical Temple.
  2074 | Temple   | Entered the Ecumenical Temple
  2086 | Temple   | Became a worshipper of Makhleb the Destroyer
  2224 | D:7      | Reached skill level 7 in Fighting
  2226 | D:7      | Reached skill level 1 in Invocations
  2292 | D:7      | Noticed a hippogriff
  2314 | D:7      | Gained mutation: You passively map the area around you.
                  | [Deep Dwarf growth]
  2314 | D:7      | Reached XP level 9. HP: 25/86 MP: 8/8
  2317 | D:7      | Reached skill level 1 in Dodging
  2497 | D:7      | Found a stormy altar of Qazlal.
  3093 | D:8      | Reached * piety under Makhleb
  3230 | D:8      | Reached skill level 8 in Fighting
  3280 | D:8      | Found a glowing silver altar of Zin.
  3280 | D:8      | Found an iron altar of Okawaru.
  3304 | D:8      | You fall into a shaft and drop 2 floors!
  3304 | D:10     | Entered Level 10 of the Dungeon
  3377 | D:10     | Reached XP level 10. HP: 28/96 MP: 11/11
  3519 | D:9      | Reached ** piety under Makhleb
  3550 | D:9      | Killed an unseen horror
  3747 | D:8      | Found Miwn's Assorted Antiques.
  3753 | D:8      | Reached skill level 5 in Invocations
  3765 | D:8      | Reached skill level 10 in Axes
  3777 | D:8      | Bought a broad axe for 100 gold pieces
  3777 | D:8      | Bought a scroll labeled CENKEP CAFOINOMAH for 25 gold
                  | pieces
  3777 | D:8      | Bought a sedimented puce potion for 22 gold pieces
  3975 | D:9      | Noticed a two-headed ogre
  3982 | D:9      | Killed a two-headed ogre
  3997 | D:9      | Noticed Grum
  4006 | D:9      | Noticed Erolcha
  4018 | D:9      | Reached skill level 10 in Fighting
  4018 | D:9      | Reached XP level 11. HP: 64/110 MP: 9/9
  4041 | D:9      | Killed Erolcha
  4067 | D:9      | Killed Grum
  4113 | D:9      | Reached *** piety under Makhleb
  4113 | D:9      | Reached skill level 5 in Shields
  4194 | D:9      | Found a staircase to the Lair.
  4405 | D:10     | Noticed Ozzies's ghost (journeyman GrFi)
  4406 | D:10     | Found a transporter.
  4406 | D:10     | Noticed a two-headed ogre
  4407 | D:10     | Identified the cursed +3 dire flail of Xirab {spect, Str+4}
  4407 | D:10     | Noticed a two-headed ogre
  4644 | D:10     | Reached skill level 11 in Fighting
  4644 | D:10     | Reached skill level 5 in Dodging
  4725 | D:10     | Reached XP level 12. HP: 120/120 MP: 10/10
  4964 | D:11     | Noticed an eight-headed hydra
  4981 | D:11     | Killed a nine-headed hydra
  5075 | D:11     | Reached **** piety under Makhleb
  5613 | D:6      | Bought a condenser vane (2/2) for 280 gold pieces
  5749 | D:12     | Found a transporter.
  5750 | D:12     | Noticed Zurun's ghost (journeyman GrFi)
  5750 | D:12     | Identified the +3 great mace of Collusion {flame, Str+4}
  5750 | D:12     | Noticed a fire giant
  5751 | D:12     | Noticed a two-headed ogre
  5812 | D:12     | Noticed a two-headed ogre
  5817 | D:12     | Noticed a two-headed ogre
  5821 | D:12     | Found a transporter.
  6589 | D:12     | Found a staircase to the Orcish Mines.
  6681 | D:12     | Reached ***** piety under Makhleb
  7121 | D:13     | Noticed Sonja
  7124 | D:13     | Killed Sonja
  7124 | D:13     | Reached skill level 12 in Fighting
  7166 | D:13     | Reached XP level 13. HP: 109/129 MP: 13/13
  7308 | D:13     | Noticed Kirke
  7325 | D:13     | Killed Kirke
  8131 | D:14     | Reached skill level 10 in Armour
  8551 | D:14     | Found a gate to the Vaults.
  8622 | D:14     | Reached ****** piety under Makhleb
  8622 | D:14     | Reached skill level 13 in Fighting
  8731 | D:14     | Gained mutation: You resist negative energy. (rN+) [Deep
                  | Dwarf growth]
  8731 | D:14     | Reached XP level 14. HP: 141/141 MP: 15/15
  8760 | D:14     | Reached skill level 10 in Invocations
  8963 | D:15     | Entered Level 15 of the Dungeon
  8981 | D:15     | Reached skill level 15 in Axes
  9010 | D:15     | Noticed Nessos
  9025 | D:15     | Killed Nessos
  9803 | D:15     | Noticed Agnes
  9820 | D:15     | Killed Agnes
  9824 | D:15     | Found a staircase to the Depths.
  9966 | Lair:1   | Entered Level 1 of the Lair of Beasts
 10503 | Lair:2   | Found a hole to the Spider Nest.
 11053 | Lair:3   | You fall into a shaft and drop 3 floors!
 11053 | Lair:6   | Entered Level 6 of the Lair of Beasts
 11343 | Lair:6   | Reached skill level 14 in Fighting
 11344 | Lair:6   | Reached XP level 15. HP: 142/151 MP: 16/16
 11499 | Lair:6   | Found the +3 warlock's mirror {reflect}
 11511 | Lair:6   | Found a staircase to the Slime Pits.
 11762 | Lair:6   | Found the amulet of the Four Winds {rN+ MR+++ Clar}
 12379 | Lair:4   | Reached skill level 10 in Shields
 13021 | Lair:3   | Found a staircase to the Swamp.
 13465 | Spider:1 | Entered Level 1 of the Spider Nest
 14017 | Spider:3 | Reached XP level 16. HP: 143/160 MP: 18/18
 14175 | Spider:3 | Reached skill level 15 in Fighting
 14358 | Spider:4 | Entered Level 4 of the Spider Nest
 14535 | Spider:4 | Noticed Arachne
 14600 | Spider:4 | Killed Arachne
 14600 | Spider:4 | Reached skill level 1 in Evocations
 14772 | Spider:4 | Paralysed by a hornet for 2 turns
 14857 | Spider:4 | Got a gossamer rune of Zot
 15270 | Orc:1    | Entered Level 1 of the Orcish Mines
 15408 | Orc:2    | Entered Level 2 of the Orcish Mines
 15411 | Orc:2    | Noticed Urug
 15430 | Orc:2    | Killed Urug
 15457 | Orc:2    | Found a staircase to the Elven Halls.
 15470 | Orc:2    | Noticed Snorg
 15482 | Orc:2    | Killed Snorg
 15484 | Orc:2    | Reached XP level 17. HP: 171/171 MP: 16/16
 15517 | Orc:2    | Found Ofam's Magic Scroll Shoppe.
 15521 | Orc:2    | Found Gesaoju's Antique Weapon Emporium.
 15525 | Orc:2    | Found Fiakaed's Assorted Antiques.
 15527 | Orc:2    | Found Buphienn's Assorted Antiques.
 15543 | Orc:2    | Found a roughly hewn altar of Beogh.
 15584 | Orc:2    | Bought a brightly glowing plate armour for 868 gold pieces
 15594 | Orc:2    | Identified the +9 plate armour "Qepipaej" {+Blink rPois
                  | rF+++ Int-2} (You bought it in a shop on level 2 of the
                  | Orcish Mines)
 15801 | Swamp:1  | Entered Level 1 of the Swamp
 16103 | Swamp:2  | Reached skill level 5 in Evocations
 16109 | Swamp:2  | Reached skill level 16 in Fighting
 16350 | Swamp:4  | Entered Level 4 of the Swamp
 16530 | Swamp:4  | Got a twisted chain mail
 16531 | Swamp:4  | Identified the +7 chain mail "Jeoh" {*Corrode rN+++ Regen+
                  | MP-9} (You found it on level 4 of the Swamp)
 16631 | Swamp:4  | Noticed Bai Suzhen
 16649 | Swamp:4  | Killed Bai Suzhen
 17129 | Swamp:4  | Noticed a bone dragon
 17178 | Swamp:4  | Killed a bone dragon
 17189 | Swamp:4  | Got a decaying rune of Zot
 17605 | Depths:1 | Entered Level 1 of the Depths
 17649 | D:15     | Gained mutation: You are weak. (Str -2) [mutagenic glow]
 17746 | D:15     | Gained mutation: Your body sometimes deteriorates upon
                  | taking damage. [mutagenic glow]
 17756 | D:15     | Gained mutation: You tend to lose your temper in combat.
                  | [mutagenic glow]
 17840 | D:15     | Cast into level 3 of the Abyss (unwielding a weapon of
                  | distortion)
 17942 | Abyss:3  | Gained mutation: You passively map a large area around you.
                  | [Deep Dwarf growth]
 17942 | Abyss:3  | Reached XP level 18. HP: 112/183 MP: 1/18
 17960 | Abyss:3  | Got an abyssal rune of Zot
 17969 | D:15     | Escaped the Abyss
 17972 | Depths:1 | Lost mutation: You tend to lose your temper in combat.
                  | [potion of mutation]
 17972 | Depths:1 | Lost mutation: You are weak. (Str -2) [potion of mutation]
 17972 | Depths:1 | Lost mutation: Your body sometimes deteriorates upon taking
                  | damage. [potion of mutation]
 17972 | Depths:1 | Gained mutation: You are clumsy. (Dex -2) [potion of
                  | mutation]
 17972 | Depths:1 | Gained mutation: Your muscles are strong. (Str +2) [potion
                  | of mutation]
 17972 | Depths:1 | Gained mutation: Your flesh is heat resistant. (rF+)
                  | [potion of mutation]
 18142 | Depths:1 | You fall into a shaft and drop 1 floor!
 18147 | Depths:2 | Found a one-way gate to the infinite horrors of the Abyss.
 18200 | Depths:2 | Found Yzaoraf's General Store.
 18246 | Depths:2 | Found Uteit's Distillery.
 18294 | Depths:3 | Reached skill level 15 in Invocations
 18318 | Depths:3 | Reached skill level 17 in Fighting
 18353 | Depths:2 | Noticed a lich
 18366 | Depths:2 | Killed a lich
 18532 | Depths:3 | Found a one-way gate leading to the halls of Pandemonium.
 18583 | Depths:5 | Entered Level 5 of the Depths
 18721 | Depths:5 | Noticed a tentacled monstrosity
 18742 | Depths:5 | Killed a tentacled monstrosity
 18961 | Depths:5 | Noticed a caustic shrike
 18962 | Depths:5 | Noticed a caustic shrike
 18962 | Depths:5 | Noticed a caustic shrike
 18962 | Depths:5 | Noticed a caustic shrike
 18962 | Depths:5 | Noticed a caustic shrike
 18985 | Depths:5 | Killed a caustic shrike
 18985 | Depths:5 | Reached skill level 10 in Evocations
 18997 | Depths:5 | Killed a caustic shrike
 19003 | Depths:5 | Killed a caustic shrike
 19004 | Depths:5 | Killed a caustic shrike
 19010 | Depths:5 | Killed a caustic shrike
 19010 | Depths:5 | Reached XP level 19. HP: 195/195 MP: 18/18
 19900 | Depths:5 | Reached skill level 18 in Fighting
 19907 | Depths:5 | Reached skill level 15 in Armour
 20155 | Depths:5 | Found a gate to the Realm of Zot.
 20155 | Depths:5 | Noticed a golden dragon
 20171 | Depths:5 | Killed a golden dragon
 20199 | Zot:1    | Entered Level 1 of the Realm of Zot
 20241 | Zot:2    | Noticed a golden dragon
 20256 | Zot:2    | Killed a golden dragon
 20323 | Zot:3    | Noticed a golden dragon
 20336 | Zot:3    | Killed a golden dragon
 20351 | Zot:4    | Noticed a Killer Klown
 20364 | Zot:4    | Killed a Killer Klown
 20374 | Zot:5    | Entered Level 5 of the Realm of Zot
 20403 | Zot:5    | Noticed a Killer Klown
 20488 | Zot:5    | Noticed an orb of fire
 20489 | Zot:5    | Noticed an orb of fire
 20489 | Zot:5    | Noticed an orb of fire
 20490 | Zot:5    | Gained mutation: Your body sometimes deteriorates upon
                  | taking damage. [an orb of fire]
 20492 | Zot:5    | Noticed a Killer Klown
 20492 | Zot:5    | Noticed an electric golem
 20494 | Zot:5    | Noticed an orb of fire
 20498 | Zot:5    | Gained mutation: Your magical capacity is low. (-10% MP)
                  | [an orb of fire]
 20500 | Zot:5    | Gained mutation: Scrolls take you a little longer to read.
                  | [an orb of fire]
 20500 | Zot:5    | Gained mutation: Your spells are a little easier to cast,
                  | but a little less powerful. [an orb of fire]
 20504 | Zot:5    | Gained mutation: Your spells are easier to cast, but less
                  | powerful. [an orb of fire]
 20509 | Zot:5    | Gained mutation: You are frail. (-10% HP) [an orb of fire]
 20515 | Zot:5    | Noticed a golden dragon
 20520 | Zot:5    | Gained mutation: You are very clumsy. (Dex -4) [an orb of
                  | fire]
 20536 | Zot:5    | Reached skill level 19 in Fighting
 20537 | Zot:5    | Gained mutation: Your body often deteriorates upon taking
                  | damage. [an orb of fire]
 20539 | Zot:5    | Killed a golden dragon
 20540 | Zot:5    | Gained mutation: Your magical capacity is very low. (-20%
                  | MP) [an orb of fire]
 20542 | Zot:5    | Reached skill level 15 in Shields
 20550 | Zot:5    | Gained mutation: You are very frail. (-20% HP) [an orb of
                  | fire]
 20550 | Zot:5    | Reached XP level 20. HP: 114/166 MP: 12/12
 20558 | Zot:5    | Gained mutation: You tend to lose your temper in combat.
                  | [an orb of fire]
 20558 | Zot:5    | Gained mutation: You are occasionally teleported next to
                  | monsters. [an orb of fire]
 20565 | Zot:5    | Gained mutation: Armour fits poorly on your strangely
                  | shaped body. [an orb of fire]
 20569 | Zot:5    | Killed an orb of fire
 20572 | Zot:5    | Gained mutation: Scrolls take you longer to read. [an orb
                  | of fire]
 20573 | Zot:5    | Lost mutation: Your muscles are strong. (Str +2) [an orb of
                  | fire]
 20575 | Zot:5    | Gained mutation: Potions are less effective at restoring
                  | your health. [an orb of fire]
 20578 | Zot:5    | Killed an orb of fire
 20578 | Zot:5    | Gained mutation: Scrolls take you much longer to read. [an
                  | orb of fire]
 20580 | Zot:5    | Killed a Killer Klown
 20580 | Zot:5    | Gained mutation: Your magical capacity is extremely low.
                  | (-30% MP) [an orb of fire]
 20582 | Zot:5    | Gained mutation: You occasionally shout uncontrollably at
                  | your foes. [an orb of fire]
 20585 | Zot:5    | Gained mutation: You are weak. (Str -2) [an orb of fire]
 20594 | Zot:5    | Killed an orb of fire
 20596 | Zot:5    | Gained mutation: You are extremely frail. (-30% HP) [an orb
                  | of fire]
 20605 | Zot:5    | Gained mutation: You are dopey. (Int -2) [an orb of fire]
 20607 | Zot:5    | Gained mutation: You are very dopey. (Int -4) [an orb of
                  | fire]
 20607 | Zot:5    | Gained mutation: You sometimes yell uncontrollably at your
                  | foes. [an orb of fire]
 20610 | Zot:5    | Killed an orb of fire
 20664 | Zot:5    | Lost mutation: You are weak. (Str -2) [potion of mutation]
 20664 | Zot:5    | Lost mutation: You tend to lose your temper in combat.
                  | [potion of mutation]
 20664 | Zot:5    | Lost mutation: Scrolls take you much longer to read.
                  | [potion of mutation]
 20664 | Zot:5    | Gained mutation: You are somewhat resistant to further
                  | mutation. [potion of mutation]
 20666 | Zot:5    | Lost mutation: Scrolls take you longer to read. [potion of
                  | mutation]
 20666 | Zot:5    | Lost mutation: You sometimes yell uncontrollably at your
                  | foes. [potion of mutation]
 20666 | Zot:5    | Lost mutation: You are extremely frail. (-30% HP) [potion
                  | of mutation]
 20667 | Zot:5    | Lost mutation: Your magical capacity is extremely low.
                  | (-30% MP) [potion of mutation]
 20667 | Zot:5    | Lost mutation: Your body often deteriorates upon taking
                  | damage. [potion of mutation]
 20667 | Zot:5    | Lost mutation: Your body sometimes deteriorates upon taking
                  | damage. [potion of mutation]
 20667 | Zot:5    | Lost mutation: You are somewhat resistant to further
                  | mutation. [potion of mutation]
 20667 | Zot:5    | Gained mutation: You are partially covered in molten
                  | scales. (AC +2) [potion of mutation]
 20696 | Zot:5    | Noticed an orb of fire
 20706 | Zot:5    | HP: 9/252 [electric golem/bolt of lightning (21)]
 20708 | Zot:5    | HP: 4/252 [electric golem (5)]
 20708 | Zot:5    | Demolished by an electric golem

Illustrated notes

Levels and vault maps discovered:
D:1:      minmay_arrival_diagonal_passages, layout_loops_ring, st_stairs_6
D:2:      layout_basic
D:3:      layout_rooms
D:4:      layout_rooms
D:5:      layout_basic, nrook_campfire, minmay_checkerbox, uniq_edmund
D:6:      layout_loops_ring, serial_shops, nicolae_shop_behind_doors,
          kennysheep_cluttered_room, uniq_crazy_yiuf_cottage, uniq_duvessa
D:7:      layout_gridville, temple_statues, nicolae_qazlal_general_emergency
D:8:      layout_basic, gammafunk_temple_overflow_elements, serial_shops, shop
D:9:      cheibrodos_elevator_heist, layout_rooms,
          grunt_lair_entry_orc_guard_hut, uniq_grum, uniq_erolcha
D:10:     layout_loops_cross, gammafunk_ghost_smash, minmay_misc_feat_ornament,
          grunt_decor_one_mirror
D:11:     layout_roguey
D:12:     layout_loops_corners, david_orc_1_choice, gammafunk_ghost_smash
D:13:     layout_long_grid, uniq_kirke, uniq_sonja
D:14:     layout_gridville, erik_vaults_2, minmay_liquid_box,
          einodemon_crawler_minivault
D:15:     hangedman_depths_entry_try_elsewhere_first, layout_loops_corners,
          uniq_agnes, uniq_nessos
Temple:   regret_index_temple_chain_breaker
Lair:1:   layout_cave_shapes, cheibrodos_lair_reptile_den, serial_bayou_shore_b,
          lemuel_fruit_fields, infiniplex_staircase_pool_2
Lair:2:   layout_long_grid, spider_nest_entry_web_field
Lair:3:   layout_regular_city, minmay_swamp_entry_reptiles
Lair:4:   layout_roguey, fungi_pond_lemuel
Lair:5:   layout_hall_layers
Lair:6:   gammafunk_lair_ancient_temple, layout_layer_cave,
          dpeg_slime_entry_corner, gauntlet_entry_generic
Swamp:1:  layout_falls_marsh, evilmike_swamp_ruin_wall,
          infiniplex_staircase_pool
Swamp:2:  layout_falls_marsh, evilmike_swamp_ruin_house_3
Swamp:3:  layout_basic_swamp, evilmike_swamp_ruin_house_5, hangedman_swamp_muck
Swamp:4:  swamp_pestilence, layout_basic_swamp, uniq_bai_suzhen
Spider:1: layout_spider_delve
Spider:2: layout_spider_delve
Spider:3: layout_spider_delve, nicolae_spider_circle_web,
          nicolae_spider_cling_halls
Spider:4: grunt_spider_rune_island, spiders_nest_hornet_nest, uniq_aizul,
          uniq_arachne, uniq_roxanne
Orc:1:    layout_caves, serial_shops, nicolae_shop_overgrown_old_shop,
          nicolae_orc_sculptors_studio
Orc:2:    st_orc_open, layout_caves, basic_altar, nicolae_orc_pool_cavern,
          uniq_urug, uniq_snorg
Depths:1: layout_gridlike, hangedman_abyss_entry_splay, hangedman_coc_ice_floe,
          minmay_metal_thing
Depths:2: evilmike_inaccessible_box, layout_basic, abyss_entry, hell_entry,
          serial_shops, kennysheep_mini_moat, shop, nicolae_shop_behind_doors,
          shop, grunt_decor_arrowhead, grunt_ministairs_12
Depths:3: kennysheep_large_spiral, layout_cross, enter_ziggurat_f, hell_entry,
          pan_entry, serial_sigils, serial_sigils_hangedman_gut,
          serial_sigils_hangedman_quiver, serial_sigils_hangedman_confine,
          serial_sigils_hangedman_carve, serial_sigils_hangedman_quiver,
          serial_sigils_hangedman_gut, corexii_corridor_pit,
          roderic_serpentine_path, uniq_enchantress, uniq_margery,
          uniq_frederick
Depths:4: nicolae_whirlpool, layout_basic, minmay_room_of_horrors,
          grunt_hell_entry_dis_old, hangedman_decor_clover_reticule
Depths:5: grunt_zot_entry_tricorne, layout_basic, serial_shops, shop,
          hangedman_abyss_or_decor_slice, pf_hell_entry_great_geh
Zot:1:    layout_twisted_circle, grunt_megastairs_3
Zot:2:    layout_basic, gammafunk_ghost_necromancy, nicolae_zot_crop_circle
Zot:3:    layout_gridlike, gammafunk_ghost_mausoleum, grunt_megastairs_1
Zot:4:    layout_misc_corridors, grunt_ministairs_9
Zot:5:    layout_twisted_circle

Skill      XL: |  1  2  3  4  5  6  7  8  9 10 11 12 13 14 15 16 17 18 19 |
---------------+----------------------------------------------------------+-----
Fighting       | 3 4 5 7 8 10 11 12 13 14 15 16 17 19 | 19.9
Axes           | 3 4 5 6 8 9 12 13 14 16 17 18 | 18.0
Armour         | 4 5 6 7 8 9 10 11 12 13 14 16 | 16.8
Shields        | 4 5 6 8 9 10 11 12 13 15 | 15.8
Invocations    | 1 4 5 6 8 9 11 12 13 14 15 | 15.0
Dodging        | 3 4 5 |  5.0
Evocations     | 4 7 10 | 10.0

Action                   |  1- 3 |  4- 6 |  7- 9 | 10-12 | 13-15 | 16-18 | 19-21 || total
-------------------------+-------+-------+-------+-------+-------+-------+-------++-------
Melee: War axe           |    38 |   129 |       |       |       |       |       ||   167
       Great mace        |       |    25 |   217 |    59 |       |       |       ||   301
       Broad axe         |       |       |       |   505 |  1155 |  1239 |   427 ||  3326
Invok: Lesser Servant of |       |       |       |     2 |    13 |     5 |     1 ||    21
       Greater Servant o |       |       |       |       |       |     2 |     2 ||     4
 Abil: Heal Wounds       |       |     5 |    12 |    22 |     7 |    14 |    15 ||    75
Evoke: Condenser vane    |       |       |       |     1 |     1 |     7 |     3 ||    12
       Wand              |       |       |       |       |       |     6 |       ||     6
  Use: Scroll            |       |       |    12 |     7 |    17 |     8 |    10 ||    54
       Potion            |       |       |       |     2 |       |     3 |    10 ||    15
 Stab: Paralysed         |       |     1 |     1 |       |       |       |       ||     2
       Confused          |       |       |     1 |       |     2 |     5 |       ||     8
       Petrified         |       |       |       |     2 |       |       |       ||     2
       Petrifying        |       |       |       |     1 |       |       |       ||     1
       Distracted        |       |       |       |     1 |     2 |     1 |       ||     4
Armor: Chain mail        |    31 |   135 |   204 |   176 |       |       |       ||   546
       Scale mail        |     1 |       |       |       |       |       |       ||     1
       Plate armour      |       |       |       |   109 |   769 |   915 |   306 ||  2099
Dodge: Dodged            |    17 |    69 |   107 |   148 |   299 |   290 |   105 ||  1035
Block: Kite shield       |    27 |   102 |       |   428 |   257 |       |       ||   814
       Reflection        |       |       |       |    14 |     7 |    70 |     7 ||    98
       Tower shield      |       |       |       |       |   959 |  1715 |   556 ||  3230

Table legend: (Time is in decaauts)
 A = Elapsed time spent in this place.
 B = Non-inter-level travel time spent in this place.
 C = Inter-level travel time spent in this place.
 D = Time resting spent in this place.
 E = Time spent auto-exploring this place.
 F = Levels seen in this place.
 G = Mean time per level.
                   A        B        C        D        E       F      G
               +--------+--------+--------+--------+--------+-----+--------+
         Total |  20757 |  17885 |   2872 |    438 |  11117 |  43 |  482.7 |
       Dungeon |  10913 |   9583 |   1330 |    291 |   6412 |  15 |  727.5 |
        Temple |     17 |     13 |      4 |      0 |      7 |   1 |   17.0 |
          Lair |   3921 |   3326 |    595 |      0 |   2533 |   6 |  653.5 |
         Swamp |   1680 |   1454 |    226 |      3 |    842 |   4 |  420.0 |
   Spider Nest |   1580 |   1381 |    199 |      4 |    616 |   4 |  395.0 |
  Orcish Mines |    351 |    297 |     54 |      0 |    151 |   2 |  175.5 |
        Depths |   1725 |   1315 |    410 |    118 |    531 |   5 |  345.0 |
           Zot |    443 |    392 |     51 |     22 |     15 |   5 |   88.6 |
         Abyss |    123 |    123 |      0 |      0 |      8 |   1 |  123.0 |
               +--------+--------+--------+--------+--------+-----+--------+

Top non-repeatable levels by time:
    D:12: 1298 daAuts
    D:15: 1216 daAuts
    D:14: 1169 daAuts
  Lair:6: 1082 daAuts
  Lair:2: 982 daAuts
    D:13: 979 daAuts
 Swamp:4: 962 daAuts
     D:8: 913 daAuts
     D:7: 910 daAuts
  Lair:3: 900 daAuts
Depths:5: 848 daAuts
    D:10: 840 daAuts
     D:6: 809 daAuts
     D:9: 726 daAuts
    D:11: 706 daAuts
